 Dungeon Crawl Stone Soup version 0.23.2-1-ga50397a (webtiles) character file.

Game seed: 6549073539972164799

1771 HASTUR3 the Magician (level 8, -1/41 HPs)
             Began as a Deep Elf Wizard on May 25, 2019.
             Was an Initiate of Sif Muna.
             Slain by a sky beast (5 damage)
             ... on level 7 of the Dungeon.
             The game lasted 00:56:46 (7750 turns).

HASTUR3 the Magician (Deep Elf Wizard)              Turns: 7750, Time: 00:56:47

Health: -1/41      AC:  4    Str:  4      XL:     8   Next: 80%
Magic:  4/21       EV: 13    Int: 28 (29) God:    Sif Muna [......]
Gold:   302        SH:  0    Dex: 13      Spells: 8/21 levels left

rFire    . . .     SeeInvis .   r - +2 falchion (holy)
rCold    + . .     Gourm    .   (no shield)
rNeg     . . .     Faith    .   a - +0 robe
rPois    .         Spirit   .   b - +0 hat
rElec    .         Reflect  .   A - +1 cloak
rCorr    .         Harm     .   (no gloves)
MR       .....                  (no boots)
Stlth    ++........             (no amulet)
HPRegen  0.13/turn              t - +3 ring of intelligence
MPRegen  0.17/turn              y - ring of protection from cold

@: no status effects
A: no striking features
a: Renounce Religion


You were on level 7 of the Dungeon.
You worshipped Sif Muna.
Sif Muna was noncommittal.
You were not hungry.

You visited 2 branches of the dungeon, and saw 10 of its levels.

You collected 302 gold pieces.

Inventory:

Hand Weapons
 r - a +2 falchion of holy wrath (weapon)
Armour
 a - a +0 robe (worn)
 b - a +0 hat (worn)
 A - a +1 cloak (worn)
Jewellery
 t - a +3 ring of intelligence (left hand)
 y - a ring of protection from cold (right hand)
Wands
 u - a wand of flame (21)
 z - a wand of acid (11)
Scrolls
 f - a scroll of remove curse
 g - 4 scrolls of teleportation
 h - 2 scrolls of identify
 q - a scroll of immolation
Potions
 i - a potion of resistance
 l - a potion of might
 n - a potion of degeneration
Miscellaneous
 e - a fan of gales
Comestibles
 d - 13 rations
 j - 3 chunks of flesh


   Skills:
 - Level 3.0 Dodging
 - Level 2.4 Stealth
 + Level 7.3 Spellcasting
 - Level 4.1 Conjurations
 - Level 4.0 Hexes
 - Level 4.0 Summonings
 - Level 4.0 Translocations
 - Level 4.0 Fire Magic
 - Level 4.0 Air Magic
 - Level 4.1 Poison Magic
 + Level 2.0 Invocations


You had 8 spell levels left.
You knew the following spells:

 Your Spells              Type           Power        Failure   Level  Hunger
a - Magic Dart            Conj           ####         1%          1    None
b - Blink                 Tloc           N/A          1%          2    None
c - Call Imp              Summ           ####....     1%          2    None
d - Slow                  Hex            ####....     1%          2    None
e - Conjure Flame         Conj/Fire      ####....     3%          3    None
f - Mephitic Cloud        Conj/Pois/Air  ####....     3%          3    None

Your spell library contained the following spells:

 Spells                   Type           Power        Failure   Level  Hunger


Dungeon Overview and Level Annotations

Branches:
Dungeon (9/15)             Temple (1/1) D:7
   Lair: D:8-11         Orc: D:9-12

Altars:
Cheibriados
Dithmenos
Elyvilon
Fedhas
Gozag
Makhleb
Nemelex Xobeh
Okawaru
Qazlal
Ru
Sif Muna
Trog
Uskayaw
Vehumet
Wu Jian
Xom
Yredelemnul
Zin
Lugonu

Shops:
D:4 }

Annotations:
D:7 3 runed translucent doors, Pikel; goulibeur's ghost, novice DrBe


Message History

Deactivating autopickup; reactivate with Ctrl-A.
Your crimson imp barely misses something.
Something hits you.
* * * LOW HITPOINT WARNING * * *
Something shocks you.
* * * LOW HITPOINT WARNING * * *
Your crimson imp barely misses something.
Your crimson imp closely misses something.
Your crimson imp hits something but does no damage.
A sky beast appears from thin air!
Reactivating autopickup.
Casting: Call Imp (safe; 1% risk of failure)
Confirm with . or Enter, or press ? or * to list all spells.
Okay, then.
Your crimson imp blinks!
Okay, then.
The sky beast hits you.
* * * LOW HITPOINT WARNING * * *
The sky beast shocks you.
You die...

##### ....[ ... ..
... .. #.# . #.# ...
#@# #......#Y# ####
####.l....#.# ....
..#....>.#.# #
........#5##########
#
#........ยง.5......#
#####
#......#.##.......#
....#
####..####..........#
##.#
#...).......#.......#


You could see a sky beast and a friendly crimson imp.

Vanquished Creatures
  Duvessa (D:5)
  A black bear (D:6)
  2 ice beasts (D:6)
  2 slaves (D:7)
  A phantom (D:7)
  A centaur (D:4)
  4 bullfrogs
  Dowan (D:5)
  A howler monkey (D:5)
  2 crimson imps
  An orc priest (D:6)
  A hound (D:5)
  An orc wizard (D:5)
  2 iguanas
  Ijyb (D:5)
  2 worker ants
  A killer bee zombie (D:7)
  2 hound skeletons
  A howler monkey zombie (D:7)
  3 gnolls (D:3)
  9 adders
  A shadow imp (D:6)
  An adder zombie (D:5)
  2 adder skeletons
  3 worms
  2 dart slugs (D:2)
  3 leopard geckos
  17 orcs
  5 bats
  7 giant cockroaches
  8 goblins
  7 hobgoblins
  4 jackals (D:2)
  5 quokkas
  A ball python (D:5)
  6 frilled lizards
  A jackal skeleton (D:4)
  7 kobolds
  A quokka skeleton (D:6)
  6 rats
127 creatures vanquished.

Vanquished Creatures (collateral kills)
  Sigmund (D:2)
  Menkaure (D:4)
  A scorpion (D:7)
  2 crimson imps
  An orc wizard (D:7)
  An iron imp (D:7)
  An iguana (D:6)
  2 worker ants
  A worker ant zombie (D:7)
  Robin (D:4)
  3 adders
  An adder skeleton (D:6)
  3 worms
  An orc (D:7)
  A ball python (D:6)
  2 goblins (D:4)
  A hobgoblin (D:4)
24 creatures vanquished.

Grand Total: 151 creatures vanquished

Notes
Turn   | Place    | Note
-------+----------+-------------------------------------------
     0 | D:1      | HASTUR3 the Deep Elf Wizard began the quest for the Orb.
     0 | D:1      | Reached XP level 1. HP: 10/10 MP: 7/7
   182 | D:1      | Reached XP level 2. HP: 15/15 MP: 5/9
   610 | D:1      | Reached skill level 5 in Spellcasting
   997 | D:1      | Learned a level 2 spell: Blink
  1000 | D:1      | Learned a level 2 spell: Call Imp
  1003 | D:1      | Learned a level 2 spell: Slow
  1243 | D:2      | Reached XP level 3. HP: 14/19 MP: 5/11
  1399 | D:2      | Noticed Sigmund
  1411 | D:2      | Killed Sigmund
  1411 | D:2      | Reached XP level 4. HP: 24/24 MP: 0/13
  1471 | D:2      | Reached XP level 5. HP: 28/28 MP: 4/15
  1480 | D:2      | Learned a level 3 spell: Conjure Flame
  1484 | D:2      | Learned a level 3 spell: Mephitic Cloud
  1496 | D:2      | Found a faded altar of an unknown god.
  1959 | D:2      | Reached skill level 1 in Poison Magic
  2828 | D:3      | Reached skill level 1 in Fire Magic
  2837 | D:3      | Reached skill level 1 in Air Magic
  3136 | D:4      | Found Ukodor's Gadget Shop.
  3148 | D:4      | Noticed Menkaure
  3553 | D:4      | Noticed Robin
  3636 | D:4      | Killed Robin
  3832 | D:4      | Reached XP level 6. HP: 17/32 MP: 2/16
  4137 | D:4      | Killed Menkaure
  4460 | D:5      | Entered Level 5 of the Dungeon
  4552 | D:5      | Noticed Dowan
  4554 | D:5      | Noticed Duvessa
  4567 | D:5      | Noticed Ijyb
  4583 | D:5      | Killed Dowan
  4636 | D:5      | Killed Duvessa
  4636 | D:5      | Reached XP level 7. HP: 27/36 MP: 2/17
  4691 | D:5      | Killed Ijyb
  4964 | D:5      | Found a glowing silver altar of Zin.
  5102 | D:5      | Found a shadowy altar of Dithmenos.
  5167 | D:5      | Found a bloodstained altar of Trog.
  5875 | D:6      | Reached XP level 8. HP: 41/41 MP: 2/18
  6317 | D:6      | You fall through a shaft for 3 floors!
  6390 | D:7      | Found a snail-covered altar of Cheibriados.
  6537 | D:6      | Found a basalt altar of Yredelemnul.
  6537 | D:6      | Found an ornate altar of the Wu Jian Council.
  6542 | D:6      | Found an opulent altar of Gozag.
  6544 | D:6      | Found a hide-covered altar of Uskayaw.
  6546 | D:6      | Found an iron altar of Okawaru.
  6655 | D:6      | Reached skill level 6 in Spellcasting
  7091 | D:7      | Found a staircase to the Ecumenical Temple.
  7098 | Temple   | Entered the Ecumenical Temple
  7123 | Temple   | Became a worshipper of Sif Muna the Loreminder
  7172 | D:7      | Found a runed translucent gate.
  7173 | D:7      | Found a runed translucent gate.
  7174 | D:7      | Found a runed translucent gate.
  7269 | D:7      | Noticed goulibeur's ghost (novice DrBe)
  7438 | D:7      | Reached skill level 7 in Spellcasting
  7438 | D:7      | Reached skill level 1 in Invocations
  7439 | D:7      | Noticed Pikel
  7486 | D:7      | Found a stormy altar of Qazlal.
  7499 | D:7      | Noticed an air elemental
  7750 | D:7      | Slain by a sky beast

Skill      XL: |  1  2  3  4  5  6  7  8 |
---------------+-------------------------+-----
Conjurations   | 2 3 4 |  4.1
Spellcasting   | 5 7 |  7.3
Hexes          | 2 3 4 |  4.0
Summonings     | 2 4 |  4.0
Translocations | 2 4 |  4.0
Poison Magic   | 1 3 4 |  4.1
Fire Magic     | 1 3 4 |  4.0
Air Magic      | 1 2 3 4 |  4.0
Dodging        | 3 |  3.0
Invocations    | 2 |  2.0
Stealth        | |  2.4

Action                   |  1- 3 |  4- 6 |  7- 9 || total
-------------------------+-------+-------+-------++-------
Melee: Unarmed           |       |    11 |     5 ||    16
       Falchion          |       |       |    44 ||    44
 Cast: Magic Dart        |    41 |   197 |   172 ||   410
       Call Imp          |     3 |    13 |    23 ||    39
       Slow              |     3 |       |       ||     3
       Conjure Flame     |       |    10 |    19 ||    29
       Mephitic Cloud    |       |    10 |    27 ||    37
       Blink             |       |     5 |     6 ||    11
  Use: Potion            |       |     6 |     8 ||    14
       Scroll            |       |     2 |     8 ||    10
 Stab: Confused          |       |       |     2 ||     2
       Distracted        |       |       |     1 ||     1
       Sleeping          |       |       |     1 ||     1
  Eat: Chunk             |     1 |     7 |     9 ||    17
       Ration            |       |     1 |       ||     1
Armor: Robe              |     1 |    18 |    20 ||    39
       Skin              |       |       |     4 ||     4
Dodge: Dodged            |    17 |    39 |    51 ||   107
       Rpst.: Falchion   |       |       |     7 ||     7
